 Dungeon Crawl Stone Soup version 0.28-a0-535-g6f645e4c1d (webtiles) character file.

Game seed: 4682064590519885061

522 sanka the Chiller (level 6, -1/45 HPs)
             Began as a Demigod Ice Elementalist on Sept 26, 2021.
             Slain by a water moccasin zombie (5 damage)
             ... on level 5 of the Dungeon.
             The game lasted 00:07:42 (5834 turns).

sanka the Chiller (Demigod Ice Elementalist)        Turns: 5834, Time: 00:07:42

Health: -1/45      AC:  2    Str:  9    XL:     6   Next: 70%
Magic:  3/11       EV: 12    Int: 25    God:
Gold:   92         SH:  0    Dex: 14    Spells: 5/9 levels left

rFire   + . .      SeeInvis .   n - +1 dagger (venom)
rCold   . . .      Faith    .   (no shield)
rNeg    . . .      Spirit   .   a - +0 robe
rPois   .          Reflect  .   (no helmet)
rElec   .          Harm     .   (no cloak)
rCorr   .          Rampage  .   (no gloves)
Will    .....                   (no boots)
Stlth   ++........              (no amulet)
HPRegen 0.15/turn               (no ring)
MPRegen 0.12/turn               f - ring of protection from fire

@: no status effects
A: high mp 1, forlorn
a: no special abilities


You were on level 5 of the Dungeon.
You visited 1 branch of the dungeon, and saw 5 of its levels.
You also visited: Sewer.

You collected 92 gold pieces.


Innate Abilities, Weirdness & Mutations

Your attributes grow dramatically as you level up.
You have an increased reservoir of magic. (+10% MP)
You shall have no god before yourself.


   Skills:
 - Level 1.7 Dodging
 - Level 1.7 Stealth
 - Level 2.0 Spellcasting
 + Level 7.7 Ice Magic


You had 5 spell levels left.
You knew the following spells:

 Your Spells              Type           Power      Damage    Failure   Level
y - Frozen Ramparts       Ice            82%        1d10      1%          3
z - Freeze                Ice            100%       1d11      1%          1

Your spell library contained the following spells:

 Spells                   Type           Power      Damage    Failure   Level
 Ozocubu's Armour         Ice            41%        N/A       1%          3
 Sublimation of Blood     Necr           1%         N/A       17%         2
 Wereblood                Tmut           2%         N/A       17%         2
 Hailstorm                Conj/Ice       21%        3d6       22%         4
 Summon Hydra             Summ           1%         N/A       100%        7

Inventory:

Hand Weapons
 l - a +0 short sword of venom
 n - a +1 dagger of venom (weapon)
 q - a +0 broad axe
Missiles
 k - 10 poisoned darts
Armour
 a - a +0 robe (worn)
Jewellery
 f - a ring of protection from fire (right hand)
Scrolls
 b - a scroll of enchant weapon {unknown}
 c - 2 scrolls of identify {unknown}
 d - 2 scrolls of amnesia {unknown}
 e - 4 scrolls of teleportation {unknown}
 o - a scroll of vulnerability {unknown}
 p - a scroll of acquirement {unknown}
Potions
 g - a potion of might {unknown}
 h - a potion of heal wounds {unknown}
 i - 2 potions of lignification {unknown}
 j - 2 potions of flight
 m - 3 potions of curing {@q1}

Dungeon Overview and Level Annotations

Branches:
Dungeon (5/15)              Sewer (visited)
 Temple: D:4-7

.▒▒▒▒▒▒▒
........
...... ▒ ▒...▒
.▒
..▒▒▒...▒▒▒..▒
........p...[▒
.!.....Z.....▒
▒▒▒▒...▒▒▒▒..▒
▒... ▒▒ .....
.?.....
.......
.......
▒▒▒+▒▒▒


You could see a water moccasin zombie.


Message History

Unknown command.
You hit the water moccasin zombie.
The water moccasin zombie is moderately damaged.
The water moccasin zombie bites you.
* * * LOW HITPOINT WARNING * * *
The water moccasin zombie misses you.
Unknown command.
You barely miss the water moccasin zombie.
The water moccasin zombie is moderately damaged.
The water moccasin zombie bites you.
* * * LOW HITPOINT WARNING * * *
Unknown command.
You hit the water moccasin zombie but do no damage.
The water moccasin zombie is moderately damaged.
The water moccasin zombie bites you.
* * * LOW HITPOINT WARNING * * *
Unknown command.
You hit the water moccasin zombie.
The water moccasin zombie is moderately damaged.
The water moccasin zombie bites you.
* * * LOW HITPOINT WARNING * * *
You hit the water moccasin zombie.
The water moccasin zombie is heavily damaged.
The water moccasin zombie bites you.
* * * LOW HITPOINT WARNING * * *
The water moccasin zombie barely misses you.
The water moccasin zombie closely misses you.
There is a stone staircase leading up here.
The water moccasin zombie bites you.
You die...

Action                   |  1- 3 |  4- 6 || total
-------------------------+-------+-------++-------
Melee: Unarmed           |    11 |    44 ||    55
       Dagger            |       |    25 ||    25
       Short sword       |       |     2 ||     2
 Cast: Freeze            |    75 |    45 ||   120
       Frozen Ramparts   |     1 |     7 ||     8
  Use: Potion            |       |     1 ||     1
 Stab: Sleeping          |       |     2 ||     2
Armor: Robe              |    10 |    16 ||    26
Dodge: Dodged            |    31 |    77 ||   108

Levels and vault maps discovered:
D:1:      scummos_arrival_star, layout_loops_ring,
          shapermc_ecumenical_altar_mp_vishouse
D:2:      layout_basic
D:3:      layout_loops_ring, gup_sewer_entry_bubbles, kennysheep_minor_cross
D:4:      layout_basic, trog_ov_bears_minmay, nicolae_wu_jian_wuxing_cycle,
          mainiacjoe_overflow_chevrons, slow_altar_2, hangedman_decor_push
D:5:      layout_gridville, nicolae_hepliaklqana_hazy_memory,
          kennysheep_generic_room_5

Notes
Turn   | Place    | Note
-------+----------+-------------------------------------------
     0 | D:1      | sanka the Demigod Ice Elementalist began the quest for the
                  | Orb.
     0 | D:1      | Reached XP level 1. HP: 14/14 MP: 5/5
   220 | D:1      | Reached skill level 2 in Spellcasting
   640 | D:1      | Reached skill level 4 in Ice Magic
   640 | D:1      | Reached XP level 2. HP: 20/20 MP: 4/7
  1379 | D:2      | Reached XP level 3. HP: 18/26 MP: 4/8
  2488 | D:2      | Learned a level 3 spell: Frozen Ramparts
  2605 | D:3      | Reached skill level 5 in Ice Magic
  3008 | D:3      | Reached XP level 4. HP: 28/33 MP: 4/9
  3056 | D:3      | Found a glowing drain.
  3090 | Sewer    | Entered a sewer
  3496 | Sewer    | Noticed a kobold brigand
  3501 | Sewer    | Killed a kobold brigand
  3502 | Sewer    | Reached XP level 5. HP: 12/38 MP: 3/10
  4079 | D:3      | Reached skill level 6 in Ice Magic
  5232 | D:4      | Reached XP level 6. HP: 45/45 MP: 6/11
  5291 | D:4      | Reached skill level 7 in Ice Magic
  5809 | D:5      | Entered Level 5 of the Dungeon
  5832 | D:5      | HP: 4/45 [water moccasin zombie (6)]
  5834 | D:5      | Slain by a water moccasin zombie

Vanquished Creatures
  2 black bears (D:4)
  A kobold brigand (Sewer)
  A scorpion (D:4)
  A jelly (D:4)
  A bullfrog skeleton (D:4)
  An iguana (D:4)
  A mummy (D:4)
  3 adders
  A river rat (D:3)
  2 worms (D:3)
  2 dart slugs
  2 orcs
  5 ball pythons
  4 endoplasms
  2 giant cockroaches
  6 goblins
  6 hobgoblins
  15 jackals
  2 quokkas (D:3)
  4 bats
  6 frilled lizards
  8 kobolds
  6 rats
82 creatures vanquished.
